 Dungeon Crawl Stone Soup version 0.30-a0-989-g0d87f670db (webtiles) character file.

Game seed: 15986339951323244524

63 jasper the Caller (level 4, -1/26 HPs)
             Began as a Tengu Summoner on Apr 3, 2023.
             Slain by Ijyb
             ... wielding a +0 club
              (4 damage)
             ... on level 3 of the Dungeon.
             The game lasted 00:03:33 (1596 turns).

jasper the Caller (Tengu Summoner)                  Turns: 1596, Time: 00:03:34

Health: -1/26      AC:  3    Str:  8    XL:     4   Next: 9%
Magic:  8/8        EV: 11    Int: 18    God:
Gold:   165        SH:  0    Dex: 14    Spells: 3/7 levels left

rFire   . . .      SeeInvis .    r - +2 mace (heavy)
rCold   . . .      Faith    .    (no shield)
rNeg    . . .      Spirit   .    k - +0 leather armour
rPois   .          Reflect  .    (helmet restricted)
rElec   .          Rampage  .    (no cloak)
rCorr   .                        (no gloves)
Will    .....                    (boots unavailable)
Stlth   ++                       f - amulet of the acrobat
HPRegen 0.24/turn                (no ring)
MPRegen 0.11/turn                (no ring)

@: no status effects
A: beak, talons 3
a: no special abilities


You were on level 3 of the Dungeon.
You visited 1 branch of the dungeon, and saw 3 of its levels.

You collected 165 gold pieces.

Inventory:

Hand Weapons
 c - a +0 dagger
 r - a +2 heavy mace (weapon)
Armour
 a - a +0 robe
 k - a +0 leather armour (worn)
Jewellery
 f - an amulet of the acrobat (around neck)
 q - a ring of wizardry
Scrolls
 e - a scroll of immolation {unknown}
 g - a scroll of teleportation {unknown}
 h - a scroll of vulnerability {unknown}
 j - 3 scrolls of identify {unknown}
 l - a scroll of fear {unknown}
 m - a scroll of enchant weapon {unknown}
 o - 2 scrolls of enchant armour {unknown}
Potions
 b - a potion of magic
 d - a potion of curing {unknown}
 i - 2 potions of brilliance {unknown}
 n - a potion of flight {unknown}
 p - a potion of resistance {unknown}


   Skills:
 + Level 1.8 Fighting
 + Level 2.1 Armour
 - Level 2.1 Dodging
 - Level 2.0 Stealth
 - Level 2.0 Spellcasting
 + Level 5.5 Summonings


You had 3 spell levels left.
You knew the following spells:

 Your Spells              Type           Power      Damage    Failure   Level
a - Summon Small Mammal   Summ           84%        N/A       2%          1
b - Call Canine Familiar  Summ           21%        N/A       8%          3

Your spell library contained the following spells:

 Spells                   Type           Power      Damage    Failure   Level
 Call Imp                 Summ           21%        N/A       4%          2
 Summon Guardian Golem    Hex/Summ       11%        N/A       24%         3
 Beastly Appendage        Tmut           2%         N/A       26%         1
 Wereblood                Tmut           1%         N/A       36%         2
 Spider Form              Tmut/Pois      1%         N/A       58%         3
 Summon Lightning Spire   Summ/Air       11%        N/A       63%         4


Dungeon Overview and Level Annotations

Branches:
Dungeon (3/15)

Altars:

Shops:
D:2 =

Annotations:
D:3 1 runed translucent door, Crazy Yiuf, Ijyb


Innate Abilities, Weirdness & Mutations

You have a beak for a mouth.
You have claws for feet.


Message History

a +0 short sword; 4 stones; a kobold corpse You hear the slow rusting of a drain very nearby.
You now have 159 gold pieces (gained 6).
Found a stone staircase leading up.
There is a stone staircase leading down here.
There is a stone staircase leading up here.
You pick up a book of Changes and begin reading...
You add the spells Beastly Appendage, Wereblood and Spider Form to your library.
Found an escape hatch in the floor.
Okay, then.
There is an escape hatch in the floor here.
You now have 165 gold pieces (gained 6).
Ijyb and a frilled lizard come into view.
Ijyb is wielding a +0 club and carrying a wand of digging (1).
There are monsters nearby!
There are monsters nearby!
There are monsters nearby!
You see here 13 gold pieces.
The helpless Ijyb fails to defend herself.
You hit Ijyb.
Ijyb is lightly wounded.
Ijyb drinks a potion.
Ijyb flickers and vanishes!
Deactivating autopickup; reactivate with Ctrl-A.
Something hits you.
You take 3 damage, and have 23/26 hp.
You miss something. Your kick misses something.
You hear the slow rusting of a distant drain.
Something hits you. x3
You take 12 damage, and have 11/26 hp.
MASSIVE DAMAGE!!
You closely miss something. Your kick misses something. You peck something.
The frilled lizard bites you but does no damage.
Something barely misses you. Something hits you but does no damage.
The frilled lizard bites you.
You take 2 damage, and have 9/26 hp.
You closely miss the frilled lizard.
You claw the frilled lizard, but do no damage.
The frilled lizard bites you. Something hits you.
* * * LOW HITPOINT WARNING * * *
Something hits you.
You die...

#.##.. #.##l# # #.##.#
.# #.##.# ### ##. #.##.#
... .. #.##.# ..#
.#######.##.######...##.
>..........$...l@{......
.#######.###.#####...##.
.### #....... ..... ...#
#####.### ###. ##.# ...
#.# #.# ##.# ### ~..#
#.# ~..# #.#


You could see a frilled lizard.

Vanquished Creatures
  A worm (D:2)
  A dart slug (D:1)
  2 bats
  2 endoplasms (D:3)
  3 giant cockroaches
  5 goblins
  5 hobgoblins
  A jackal (D:1)
  5 kobolds
  A quokka (D:2)
  4 ball pythons
  A frilled lizard (D:3)
  7 rats
38 creatures vanquished.

Vanquished Creatures (collateral kills)
  An adder (D:2)
  A worm (D:2)
  A hobgoblin (D:1)
  A jackal (D:1)
4 creatures vanquished.

Grand Total: 42 creatures vanquished

Notes
Turn   | Place    | Note
-------+----------+-------------------------------------------
     0 | D:1      | jasper the Tengu Summoner began the quest for the Orb.
     0 | D:1      | Reached XP level 1. HP: 10/10 MP: 4/4
    78 | D:1      | Reached skill level 5 in Summonings
    78 | D:1      | Reached XP level 2. HP: 14/16 MP: 4/6
   132 | D:1      | Found a faded altar of an unknown god.
   232 | D:1      | Reached skill level 1 in Armour
   302 | D:1      | Reached skill level 1 in Fighting
   658 | D:2      | Reached XP level 3. HP: 9/20 MP: 7/7
   846 | D:2      | Learned a level 3 spell: Call Canine Familiar
  1224 | D:2      | Found Sutteb's Jewellery Shoppe.
  1400 | D:3      | Reached XP level 4. HP: 26/26 MP: 4/8
  1512 | D:3      | Found a runed translucent door.
  1513 | D:3      | Noticed Crazy Yiuf
  1586 | D:3      | Noticed Ijyb
  1596 | D:3      | Slain by Ijyb

Illustrated notes

Levels and vault maps discovered:
D:1:      tarquinn_simple_flora_water_c, layout_basic,
          ebering_ecumenical_altar_sacrificial, minmay_misc_feat_chi
D:2:      layout_loops_ring, serial_shops, nicolae_shop_waterfront
D:3:      minmay_roachtagon, layout_loops_ring, gup_sewer_entry_pipe,
          uniq_terence, uniq_ijyb, uniq_crazy_yiuf_cottage

Skill      XL: |  1  2  3 |
---------------+----------+-----
Summonings     | 5 |  5.5
Armour         | 1 2 |  2.1
Fighting       | 1 |  1.8
Dodging        | |  2.1
Stealth        | |  2.0
Spellcasting   | |  2.0

Action                     |  1- 3 |  4- 6 || total
---------------------------+-------+-------++-------
  Melee: Unarmed           |     6 |       ||     6
         Dagger            |   106 |     4 ||   110
         Kick              |    26 |     3 ||    29
         Peck              |    15 |     2 ||    17
         Punch             |     2 |       ||     2
         Mace              |       |     7 ||     7
   Cast: Summon Small Mamm |     6 |       ||     6
         Call Canine Famil |     2 |       ||     2
   Stab: Sleeping          |     5 |     2 ||     7
         Distracted        |     1 |       ||     1
 Armour: Robe              |    10 |       ||    10
         Leather armour    |     8 |     2 ||    10
  Dodge: Dodged            |    89 |     3 ||    92

Table legend: (Time is in decaauts)
 A = Elapsed time spent in this place.
 B = Non-inter-level travel time spent in this place.
 C = Inter-level travel time spent in this place.
 D = Time resting spent in this place.
 E = Time spent auto-exploring this place.
 F = Levels seen in this place.
 G = Mean time per level.
                   A        B        C        D        E       F      G
               +--------+--------+--------+--------+--------+-----+--------+
         Total |   1601 |   1537 |     64 |      0 |   1165 |   3 |  533.7 |
       Dungeon |   1601 |   1537 |     64 |      0 |   1165 |   3 |  533.7 |
               +--------+--------+--------+--------+--------+-----+--------+

Top non-repeatable levels by time:
     D:2: 770 daAuts
     D:1: 625 daAuts
     D:3: 204 daAuts
